[Event "CRO-ch Youth U17 2020"]
[Site "Vinkovci"]
[Date "2020.07.30"]
[Round "4.6"]
[White "Juric, Ester"]
[Black "Bedic, Noemi"]
[Result "1-0"]
[ECO "A45"]
[WhiteElo "1663"]
[BlackElo "1712"]
[Annotator "NA"]
[PlyCount "87"]
[EventDate "2020.07.28"]
[EventType "swiss"]
[EventCountry "CRO"]
[SourceTitle "playchess.com"]
[Source "ChessBase"]
[SourceQuality "1"]
[TimeControl "5400+30"]

1. d4 Nf6 2. Bg5 g6 3. Bxf6 exf6 4. e3 Bg7 5. g3 O-O 6. Bg2 d5 7. h4 h5 8. Ne2 c6 9. Nd2 Re8 10. Nf4 Qb6 11. Nb3 a5 12. Rb1 Na6 13. a3 a4 14. Nd2 Qxd4 15. O-O Qb6 16. Re1 f5 17. Nd3 Bd7 18. c4 Nc7 19. cxd5 Nxd5 20. Nc4 Qc7 21. Rc1 Be6 22. Qc2 b5 23. Nd2 Rac8 24. e4 fxe4 25. Bxe4 Ne7 26. Nc5 Bd4 27. Nf1 Bc4 28. Nd3 Nd5 29. Qd2 Nf6 30. Bf3 Qb6 31. Rxe8+ Rxe8 32. Rc2 Rd8 33. Nf4 Bxf2+ 34. Qxf2 Qa5 35. Rd2 Re8 36. Ne3 Ne4 37. Bxe4 Rxe4 38. Nxc4 Rxc4 39. Qe1 Qb6+ 40. Kg2 Qb7 41. Kh2 Qc7 42. Qe8+ Kg7 43. Ne6+ fxe6 44. Rd7+ 1-0

[Event "CRO-ch Youth U17 2020"]
[Site "Vinkovci"]
[Date "2020.07.30"]
[Round "4.7"]
[White "Dejanovic, Tereza"]
[Black "Randic, Petra"]
[Result "1-0"]
[ECO "B01"]
[WhiteElo "1788"]
[BlackElo "1794"]
[Annotator "NA"]
[PlyCount "133"]
[EventDate "2020.07.28"]
[EventType "swiss"]
[EventCountry "CRO"]
[SourceTitle "playchess.com"]
[Source "ChessBase"]
[SourceQuality "1"]
[TimeControl "5400+30"]

1. e4 Nc6 2. d4 d5 3. exd5 Qxd5 4. Nf3 Bg4 5. Be2 O-O-O 6. c3 e5 7. dxe5 Qxd1+ 8. Bxd1 Nxe5 9. O-O Nxf3+ 10. Bxf3 Bxf3 11. gxf3 Rd6 12. Be3 Nh6 13. Nd2 Nf5 14. Bf4 Rg6+ 15. Kh1 Bd6 16. Bg3 Re8 17. Rae1 Rge6 18. Rxe6 Rxe6 19. Ne4 Be7 20. Rd1 Nh4 21. Bxh4 Bxh4 22. Rd2 b6 23. c4 Re5 24. b3 Be7 25. Kg2 Bb4 26. Re2 Kd7 27. Re3 f5 28. Ng3 Rxe3 29. fxe3 f4 30. exf4 Bc3 31. Ne4 Bd4 32. Kg3 h6 33. Kg4 Ke6 34. Ng3 Bg1 35. h4 Bf2 36. f5+ Ke7 37. Nh5 Kf7 38. Nf4 a6 39. Nd5 c6 40. Nb4 a5 41. Nxc6 Kf6 42. h5 Be3 43. b4 axb4 44. Nxb4 Bc5 45. Nc6 Be3 46. a4 Bd2 47. Nd8 Be3 48. Ne6 Bd2 49. c5 bxc5 50. Nxc5 Ke5 51. Ne6 Kf6 52. f4 Bc3 53. Nc5 Bb4 54. Ne4+ Kf7 55. Kf3 Ke7 56. Ke3 Ba5 57. Nd2 Kf6 58. Nc4 Bb4 59. Ke4 Bc5 60. a5 Ke7 61. a6 Ba7 62. Ne5 Kd6 63. f6 gxf6 64. Nf7+ Ke7 65. Nxh6 Ke6 66. Nf5 Bc5 67. h6 1-0

[Event "CRO-ch Youth U17 2020"]
[Site "Vinkovci"]
[Date "2020.07.30"]
[Round "4.8"]
[White "Bevanda, Ema"]
[Black "Smetisko, Lucija"]
[Result "1-0"]
[ECO "D02"]
[WhiteElo "1554"]
[BlackElo "1567"]
[Annotator "NA"]
[PlyCount "87"]
[EventDate "2020.07.28"]
[EventType "swiss"]
[EventCountry "CRO"]
[SourceTitle "playchess.com"]
[Source "ChessBase"]
[SourceQuality "1"]
[TimeControl "5400+30"]

1. d4 d5 2. Bf4 e6 3. e3 c5 4. Nf3 c4 5. c3 Nf6 6. Ne5 Be7 7. Nd2 Nbd7 8. Qf3 Nxe5 9. dxe5 Nd7 10. Qg4 g5 11. Bxg5 Bxg5 12. f4 h5 13. Qxg5 Qxg5 14. fxg5 Nxe5 15. Nf3 Nd7 16. h4 Nc5 17. Ne5 Ne4 18. Rh3 f6 19. gxf6 Nxf6 20. Rg3 Rg8 21. Rxg8+ Nxg8 22. Be2 Nf6 23. O-O-O Bd7 24. Rf1 Ke7 25. Rxf6 Kxf6 26. Nxd7+ Kf5 27. Bxh5 b6 28. g4+ Ke4 29. Kd2 Kf3 30. g5+ Kg3 31. g6 Kxh4 32. g7 Rg8 33. Bf7 Rxg7 34. Bxe6 Re7 35. Nf8 Re8 36. Ng6+ Kg3 37. Bxd5 Rd8 38. e4 Rd6 39. Ne5 Kf4 40. Nxc4 Rh6 41. Kc2 Rg6 42. Kb3 b5 43. Na5 a6 44. a3 1-0

[Event "CRO-ch Youth U17 2020"]
[Site "Vinkovci"]
[Date "2020.08.01"]
[Round "5.1"]
[White "Levacic, Matej"]
[Black "Troselj, Ivan"]
[Result "0-1"]
[ECO "D37"]
[WhiteElo "2040"]
[BlackElo "1857"]
[Annotator "ChessBase"]
[PlyCount "78"]
[EventDate "2020.07.28"]
[EventType "swiss"]
[EventCountry "CRO"]
[TimeControl "5400+30"]

1. d4 Nf6 2. Nf3 d5 3. c4 e6 4. Nc3 Be7 5. Bf4 O-O 6. e3 Nbd7 7. Be2 b6 8. cxd5 exd5 9. O-O Bb7 10. Bd3 c5 11. Ne5 Nxe5 12. dxe5 Ne4 13. Bxe4 dxe4 14. Qg4 Qc8 15. Qg3 Qf5 16. Bh6 Qg6 17. Qxg6 hxg6 18. Bf4 Rfd8 19. Rfd1 Rd3 20. Nb5 g5 21. Bg3 Rad8 22. Nd6 Bxd6 23. exd6 c4 24. Rdc1 Bd5 25. a4 f6 26. a5 b5 27. a6 Kf7 28. Kf1 Ke6 29. Ke2 g4 30. Rh1 Rc8 31. Rhc1 b4 32. Ra5 Rb3 33. Rc2 c3 34. bxc3 bxc3 35. Ra1 Rb2 36. Rac1 Bb3 37. Rxb2 cxb2 38. Rxc8 b1=Q 39. Re8+ Kf5 0-1

[Event "CRO-ch Youth U17 2020"]
[Site "Vinkovci"]
[Date "2020.08.01"]
[Round "5.2"]
[White "Ljubicic, Mario"]
[Black "Karlusic, Luka"]
[Result "1-0"]
[ECO "B33"]
[WhiteElo "1966"]
[BlackElo "2169"]
[Annotator "ChessBase"]
[PlyCount "102"]
[EventDate "2020.07.28"]
[EventType "swiss"]
[EventCountry "CRO"]
[TimeControl "5400+30"]

1. e4 c5 2. Nf3 Nc6 3. d4 cxd4 4. Nxd4 Nf6 5. Nc3 e5 6. Ndb5 d6 7. Be3 a6 8. Na3 b5 9. Nd5 Rb8 10. Bd3 Be6 11. Nxf6+ gxf6 12. O-O h5 13. c4 b4 14. Nc2 Qd7 15. Kh1 Bh6 16. Bxh6 Rxh6 17. Qd2 Rg6 18. f3 Ke7 19. b3 a5 20. Rad1 Rd8 21. f4 exf4 22. Qxf4 Ne5 23. Be2 Bg4 24. Nd4 Bxe2 25. Nxe2 Qg4 26. Qxg4 Rxg4 27. Nf4 Nd7 28. Rd5 Rg5 29. Nxh5 Re5 30. Ng3 Nb6 31. Nf5+ Ke6 32. Nd4+ Kd7 33. Rxe5 dxe5 34. Nb5 Ke7 35. c5 Nc8 36. Nc7 Rd2 37. Nd5+ Kd7 38. h4 Ne7 39. Rxf6 Nxd5 40. exd5 Rxd5 41. Rd6+ Rxd6 42. cxd6 Kxd6 43. g4 Ke6 44. Kg2 f5 45. gxf5+ Kxf5 46. Kf3 Kf6 47. Ke4 Ke6 48. h5 Kf6 49. h6 Kg6 50. Kxe5 Kxh6 51. Kd5 a4 1-0

[Event "CRO-ch Youth U17 2020"]
[Site "Vinkovci"]
[Date "2020.08.01"]
[Round "5.4"]
[White "Mrvac, Petar"]
[Black "Mahecic, Lovre"]
[Result "0-1"]
[ECO "C45"]
[WhiteElo "1848"]
[BlackElo "1949"]
[Annotator "ChessBase"]
[PlyCount "86"]
[EventDate "2020.07.28"]
[EventType "swiss"]
[EventCountry "CRO"]
[TimeControl "5400+30"]

1. e4 e5 2. Nf3 Nc6 3. d4 exd4 4. Nxd4 Bc5 5. Be3 Qf6 6. c3 d6 7. Bc4 Nge7 8. O-O a6 9. Nxc6 Nxc6 10. Bxc5 dxc5 11. Nd2 O-O 12. Qe2 Be6 13. f4 Rad8 14. Rad1 Rfe8 15. g3 b5 16. Bb3 Na5 17. e5 Qg6 18. Bxe6 Qxe6 19. Ne4 Nb7 20. Rxd8 Rxd8 21. b3 Qd5 22. Kf2 h6 23. Rc1 c4 24. b4 Qe6 25. Rc2 Rd3 26. Rd2 Qd5 27. Rxd3 cxd3 28. Qe3 Qxa2+ 29. Qd2 Qxd2+ 30. Nxd2 c5 31. Ke3 c4 32. Ne4 Kf8 33. f5 Ke7 34. g4 a5 35. bxa5 Nxa5 36. Nd6 Nc6 37. Nxb5 Nxe5 38. h3 Kf6 39. Nd6 Kg5 40. Kd4 f6 41. Ne4+ Kh4 42. Nf2 Kg3 43. Ke3 Nf7 0-1

[Event "CRO-ch Youth U17 2020"]
[Site "Vinkovci"]
[Date "2020.08.01"]
[Round "5.5"]
[White "Mandaric, Fran"]
[Black "Vucenovic, Damian"]
[Result "0-1"]
[ECO "C77"]
[WhiteElo "1671"]
[BlackElo "1959"]
[Annotator "ChessBase"]
[PlyCount "116"]
[EventDate "2020.07.28"]
[EventType "swiss"]
[EventCountry "CRO"]
[TimeControl "5400+30"]

1. e4 e5 2. Nf3 Nc6 3. Bb5 a6 4. Ba4 Nf6 5. d3 d6 6. c3 Be7 7. O-O O-O 8. Nbd2 b5 9. Bc2 Bg4 10. h3 Bh5 11. Re1 Nd7 12. Nf1 Nc5 13. Ng3 Bxf3 14. Qxf3 Ne6 15. Qg4 Bg5 16. Bb3 Bxc1 17. Raxc1 Nf4 18. Nf5 Qf6 19. Re3 Ne7 20. Nxe7+ Qxe7 21. Rg3 Qf6 22. Re1 Rad8 23. h4 c6 24. d4 a5 25. Qg5 Qxg5 26. hxg5 c5 27. d5 g6 28. Rf3 f5 29. gxf6 Rxf6 30. Ree3 Rdf8 31. g3 Nh3+ 32. Kg2 Ng5 33. Rxf6 Rxf6 34. a4 c4 35. Ba2 bxa4 36. Bxc4 Rf8 37. Bb5 Rb8 38. c4 Nf7 39. f4 g5 40. f5 g4 41. Kf2 Ng5 42. Ke2 Nf3 43. Rd3 Kf7 44. Kf2 Kf6 45. Ke2 Nd4+ 46. Kd2 Nxb5 47. cxb5 Rxb5 48. Kc2 h5 49. Rc3 Rb4 50. Re3 Rb3 51. Rxb3 axb3+ 52. Kd3 a4 53. Kd2 h4 54. gxh4 g3 55. Ke2 a3 56. h5 axb2 57. h6 b1=Q 58. h7 Qxe4+ 0-1

[Event "CRO-ch Youth U17 2020"]
[Site "Vinkovci"]
[Date "2020.08.01"]
[Round "5.6"]
[White "Juric, Ester"]
[Black "Dejanovic, Tereza"]
[Result "0-1"]
[ECO "D56"]
[WhiteElo "1663"]
[BlackElo "1788"]
[Annotator "NA RC"]
[PlyCount "82"]
[EventDate "2020.07.28"]
[EventType "swiss"]
[EventCountry "CRO"]
[TimeControl "5400+30"]

1. d4 d5 2. c4 e6 3. Nc3 Be7 4. Nf3 Nf6 5. Bg5 O-O 6. e3 h6 7. Bh4 Ne4 8. Bxe7 Qxe7 9. Rc1 c6 10. Bd3 Nxc3 11. Rxc3 dxc4 12. Bxc4 Nd7 13. O-O b6 14. Re1 Bb7 15. Qe2 c5 16. Rd1 Rfd8 17. d5 exd5 18. Bxd5 Bxd5 19. Rxd5 Nf6 20. Rxd8+ Rxd8 21. Rd3 Rxd3 22. Qxd3 Qe4 23. Qxe4 Nxe4 24. Kf1 f6 25. Ke2 Kf7 26. Nd2 Nxd2 27. Kxd2 b5 28. Kd3 Ke6 29. e4 g5 30. Ke3 Ke5 31. g3 g4 32. f4+ gxf3 33. Kxf3 c4 34. Ke3 b4 35. h4 c3 36. bxc3 bxc3 37. Kd3 c2 38. Kxc2 Kxe4 39. g4 Kf3 40. g5 fxg5 41. hxg5 hxg5 0-1

[Event "CRO-ch Youth U17 2020"]
[Site "Vinkovci"]
[Date "2020.08.01"]
[Round "5.7"]
[White "Mihaljevic, Eva"]
[Black "Bevanda, Ema"]
[Result "1/2-1/2"]
[ECO "A80"]
[WhiteElo "1223"]
[BlackElo "1554"]
[Annotator "NA"]
[PlyCount "112"]
[EventDate "2020.07.28"]
[EventType "swiss"]
[EventCountry "CRO"]
[TimeControl "5400+30"]

1. d4 e6 2. Bf4 f5 3. e3 Nf6 4. h3 g6 5. g4 d6 6. gxf5 exf5 7. Be2 Be7 8. Nd2 Nd5 9. Bg3 Rf8 10. c4 f4 11. exf4 Nxf4 12. Qb3 Nc6 13. O-O-O Nxd4 14. Qe3 Nfxe2+ 15. Nxe2 Nf5 16. Qe4 Qd7 17. Nf4 c6 18. h4 Nxg3 19. fxg3 Qf5 20. Qe3 Qe5 21. Qb3 Kd8 22. Rhe1 Qf5 23. Ne4 Kc7 24. Qb4 Rd8 25. Qc3 Qe5 26. Qf3 Qg7 27. Nc3 Bf6 28. Nfd5+ cxd5 29. Nxd5+ Kb8 30. Qxf6 Qxf6 31. Nxf6 Kc7 32. Re7+ Kc6 33. Rxh7 Rf8 34. Ne4 Rd8 35. b4 b5 36. cxb5+ Kxb5 37. Rxd6 Bf5 38. Rb7+ Kc4 39. Nd2+ Kc3 40. Rc6+ Kd3 41. Nc4 Be4 42. Nb2+ Ke3 43. Rc3+ Kf2 44. Rf7+ Kg2 45. g4 Rac8 46. Na4 Bd5 47. Rxa7 Bxa2 48. Nc5 Bd5 49. b5 Re8 50. Kd2 Rcd8 51. Rd3 Bc4 52. Rxd8 Rxd8+ 53. Kc3 Bxb5 54. h5 gxh5 55. gxh5 Rh8 56. Ne6 Kg3 1/2-1/2

[Event "CRO-ch Youth U17 2020"]
[Site "Vinkovci"]
[Date "2020.08.01"]
[Round "5.8"]
[White "Smetisko, Lucija"]
[Black "Bedic, Noemi"]
[Result "0-1"]
[ECO "E90"]
[WhiteElo "1567"]
[BlackElo "1712"]
[Annotator "NA RC"]
[PlyCount "92"]
[EventDate "2020.07.28"]
[EventType "swiss"]
[EventCountry "CRO"]
[TimeControl "5400+30"]

1. d4 Nf6 2. c4 g6 3. Nc3 Bg7 4. e4 d6 5. Bg5 O-O 6. Nf3 h6 7. Be3 e5 8. dxe5 dxe5 9. Qd2 Qxd2+ 10. Bxd2 Na6 11. O-O-O Nc5 12. Re1 Ng4 13. Be3 Nxe3 14. Rxe3 c6 15. b4 Ne6 16. g3 h5 17. Rd3 a5 18. b5 Nc5 19. Rd6 Bd7 20. Be2 Rfd8 21. Rhd1 Bf8 22. R6d2 Bh6 23. Nxe5 Bxd2+ 24. Rxd2 cxb5 25. cxb5 Rac8 26. Kb2 Be6 27. Rd1 Rxd1 28. Bxd1 Rd8 29. Kc2 Kg7 30. Be2 f5 31. f3 fxe4 32. fxe4 Rf8 33. Kd2 Re8 34. Ke3 Kf6 35. Nc4 Bxc4 36. Bxc4 Ke5 37. Bf7 Rd8 38. Bd5 g5 39. Ne2 a4 40. Nd4 g4 41. Nc2 Rf8 42. Ne1 b6 43. Ng2 Rf3+ 44. Ke2 Nxe4 45. Bxe4 Kxe4 46. Nf4 Ra3 0-1

[Event "CRO-ch Youth U17 2020"]
[Site "Vinkovci"]
[Date "2020.08.01"]
[Round "6.2"]
[White "Troselj, Ivan"]
[Black "Kovac, Petar"]
[Result "0-1"]
[ECO "C01"]
[WhiteElo "1857"]
[BlackElo "1949"]
[Annotator "ChessBase"]
[PlyCount "124"]
[EventDate "2020.07.28"]
[EventType "swiss"]
[EventCountry "CRO"]
[TimeControl "5400+30"]

1. e4 e6 2. d4 d5 3. exd5 exd5 4. Nf3 Nc6 5. Bb5 Bd6 6. c4 dxc4 7. d5 a6 8. Ba4 b5 9. dxc6 bxa4 10. O-O Ne7 11. Qxa4 O-O 12. Nbd2 Rb8 13. a3 c3 14. bxc3 Bf5 15. Nd4 Bd3 16. Re1 Nd5 17. N2f3 Qf6 18. Bg5 Qg6 19. Qa5 Bc4 20. Bh4 Rb2 21. Bg3 h6 22. Rad1 Ra2 23. Ne5 Bxe5 24. Bxe5 Rb8 25. Qc5 Rxf2 26. Kxf2 Rb2+ 27. Ne2 Bxe2 28. Rxe2 Qf5+ 29. Kg1 Rxe2 30. Bg3 Rxg2+ 31. Kh1 Rxg3 32. Qxd5 Qxd5+ 33. Rxd5 Rxc3 34. Rd8+ Kh7 35. Rd7 Rxc6 36. Rxf7 Rc2 37. Rf4 Rc5 38. Ra4 a5 39. Kg2 Kg6 40. Kf3 Kf5 41. Rf4+ Ke6 42. Ra4 Kd5 43. h4 g5 44. hxg5 hxg5 45. Ke2 Kc6 46. Kd3 Rd5+ 47. Kc3 Rf5 48. Rg4 Kb6 49. Kb3 Kc5 50. Kc3 Kd5 51. Ra4 Kd6 52. Kd2 Re5 53. Rg4 Ke6 54. Rc4 Kf5 55. Rxc7 Kf4 56. Rf7+ Kg3 57. Kd3 g4 58. Kd4 Rb5 59. Kc4 Rh5 60. Kd4 Kh2 61. Rg7 g3 62. Ke3 g2 0-1

[Event "CRO-ch Youth U17 2020"]
[Site "Vinkovci"]
[Date "2020.08.01"]
[Round "6.4"]
[White "Vucenovic, Damian"]
[Black "Baturina, Marin"]
[Result "1-0"]
[ECO "B50"]
[WhiteElo "1959"]
[BlackElo "1740"]
[Annotator "ChessBase"]
[PlyCount "93"]
[EventDate "2020.07.28"]
[EventType "swiss"]
[EventCountry "CRO"]
[TimeControl "5400+30"]

1. e4 c5 2. Nf3 d6 3. c3 Nf6 4. Bd3 Nc6 5. O-O Bg4 6. Bc2 e6 7. d3 Be7 8. h3 Bh5 9. Bf4 O-O 10. Nbd2 b5 11. Re1 a5 12. Nf1 Nd7 13. Ng3 Bxf3 14. Qxf3 Nde5 15. Bxe5 Nxe5 16. Qe3 Qb6 17. f4 Nd7 18. Rad1 Bh4 19. Rf1 Rac8 20. Bb1 Bf6 21. Nh5 b4 22. Qg3 g6 23. Nxf6+ Nxf6 24. Qg5 Nd7 25. f5 exf5 26. exf5 f6 27. Qh6 g5 28. h4 gxh4 29. Rf4 Rf7 30. Re1 Rg7 31. Rfe4 Ne5 32. Qxf6 Nf3+ 33. Kh1 Nxe1 34. Qe6+ Kh8 35. Qxc8+ Rg8 36. Re8 Rxe8 37. Qxe8+ Kg7 38. Qe7+ Kh6 39. Qxe1 Qd8 40. Qe6+ Kh5 41. f6 h3 42. Qxh3+ Kg5 43. Qg3+ Kh5 44. Qf3+ Kg6 45. d4+ Kf7 46. Qh5+ Kf8 47. Qh6+ 1-0

[Event "CRO-ch Youth U17 2020"]
[Site "Vinkovci"]
[Date "2020.08.01"]
[Round "6.6"]
[White "Dejanovic, Tereza"]
[Black "Bevanda, Ema"]
[Result "1-0"]
[ECO "C07"]
[WhiteElo "1788"]
[BlackElo "1554"]
[Annotator "NA"]
[PlyCount "55"]
[EventDate "2020.07.28"]
[EventType "swiss"]
[EventCountry "CRO"]
[TimeControl "5400+30"]

1. e4 e6 2. d4 d5 3. Nd2 c5 4. exd5 Qxd5 5. Ngf3 cxd4 6. Bc4 Qd6 7. O-O Nf6 8. Nb3 Nc6 9. Nbxd4 Nxd4 10. Nxd4 a6 11. a4 Qc7 12. Bb3 Bd7 13. c3 Bd6 14. h3 O-O-O 15. Qe2 h6 16. Bc4 Nd5 17. Bxd5 exd5 18. Qf3 Be6 19. b4 g5 20. b5 a5 21. b6 Qc4 22. Nb5 Be5 23. Re1 f6 24. Rxe5 fxe5 25. Qf6 Rhe8 26. Ba3 Qf4 27. Qxh6 Qxa4 28. Na7+ 1-0

[Event "CRO-ch Youth U17 2020"]
[Site "Vinkovci"]
[Date "2020.08.01"]
[Round "6.7"]
[White "Bedic, Noemi"]
[Black "Mihaljevic, Eva"]
[Result "0-1"]
[ECO "C06"]
[WhiteElo "1712"]
[BlackElo "1223"]
[Annotator "NA"]
[PlyCount "60"]
[EventDate "2020.07.28"]
[EventType "swiss"]
[EventCountry "CRO"]
[TimeControl "5400+30"]

1. e4 e6 2. d4 d5 3. Nd2 Nf6 4. e5 Nfd7 5. Bd3 c5 6. c3 Nc6 7. Ne2 cxd4 8. cxd4 f6 9. exf6 Nxf6 10. Nf3 Bd6 11. Bf4 O-O 12. Bxd6 Qxd6 13. O-O Bd7 14. a3 Be8 15. Ng3 Qe7 16. Re1 Nh5 17. Qc2 h6 18. Nf5 Qf6 19. Nd6 Nf4 20. Re3 Nxd4 21. Nxd4 Qxd4 22. Rd1 Qb6 23. Nxe8 Raxe8 24. g3 Nh3+ 25. Kg2 Rxf2+ 26. Qxf2 Nxf2 27. Kxf2 Qxb2+ 28. Ke1 Rf8 29. Rd2 Qc1+ 30. Ke2 Rf1 0-1

[Event "CRO-ch Youth U17 2020"]
[Site "Vinkovci"]
[Date "2020.08.01"]
[Round "6.8"]
[White "Randic, Petra"]
[Black "Raguz, Sima"]
[Result "1-0"]
[ECO "D20"]
[WhiteElo "1794"]
[BlackElo "1128"]
[Annotator "NA RC"]
[PlyCount "51"]
[EventDate "2020.07.28"]
[EventType "swiss"]
[EventCountry "CRO"]
[TimeControl "5400+30"]

1. d4 d5 2. c4 dxc4 3. e3 Nf6 4. Bxc4 e6 5. Ne2 c5 6. O-O Nc6 7. Nbc3 cxd4 8. exd4 Be7 9. h3 O-O 10. Be3 Na5 11. Bd3 Nd5 12. Nxd5 exd5 13. Nf4 g6 14. Qf3 Be6 15. Nxe6 fxe6 16. Qg4 Qd6 17. Bh6 Rf7 18. Bxg6 Kh8 19. Bxf7 Bf6 20. Bf4 Qf8 21. Qxe6 Bxd4 22. Be5+ Bxe5 23. Qxe5+ Qg7 24. Qxg7+ Kxg7 25. Bxd5 Rd8 26. Rfd1 1-0

[Event "CRO-ch Youth U17 2020"]
[Site "Vinkovci"]
[Date "2020.08.01"]
[Round "7.1"]
[White "Kovac, Petar"]
[Black "Ljubicic, Mario"]
[Result "0-1"]
[ECO "A65"]
[WhiteElo "1949"]
[BlackElo "1966"]
[Annotator "ChessBase"]
[PlyCount "64"]
[EventDate "2020.07.28"]
[EventType "swiss"]
[EventCountry "CRO"]
[SourceTitle "playchess.com"]
[Source "ChessBase"]
[SourceQuality "1"]
[TimeControl "5400+30"]

1. d4 Nf6 2. c4 g6 3. Nc3 Bg7 4. e4 d6 5. f3 O-O 6. Be3 c5 7. d5 e6 8. Nge2 exd5 9. cxd5 a6 10. a4 Nbd7 11. Ng3 h5 12. Be2 h4 13. Nf1 Ne5 14. Nd2 h3 15. g3 Bd7 16. O-O b5 17. axb5 axb5 18. Bxb5 Bxb5 19. Nxb5 Qb6 20. Qe2 Rab8 21. Na3 Qxb2 22. f4 Neg4 23. Nac4 Qb5 24. e5 Nxe3 25. exf6 Bxf6 26. Ra5 Qb4 27. Rb1 Qc3 28. Rxb8 Rxb8 29. Ra3 Qc1+ 30. Kf2 Nxc4 31. Nxc4 Qh1 32. g4 Bh4+ 0-1

[Event "CRO-ch Youth U17 2020"]
[Site "Vinkovci"]
[Date "2020.08.01"]
[Round "7.2"]
[White "Levacic, Matej"]
[Black "Vucenovic, Damian"]
[Result "1-0"]
[ECO "D37"]
[WhiteElo "2040"]
[BlackElo "1959"]
[Annotator "ChessBase"]
[PlyCount "61"]
[EventDate "2020.07.28"]
[EventType "swiss"]
[EventCountry "CRO"]
[SourceTitle "playchess.com"]
[Source "ChessBase"]
[SourceQuality "1"]
[TimeControl "5400+30"]

1. d4 d5 2. Nf3 Nf6 3. c4 e6 4. Nc3 Be7 5. Bf4 O-O 6. e3 b6 7. Bd3 Bb7 8. O-O c5 9. dxc5 Bxc5 10. cxd5 Nxd5 11. Be4 Na6 12. Nxd5 exd5 13. Bxh7+ Kxh7 14. Ng5+ Kg6 15. Qg4 f5 16. Qg3 Kf6 17. Be5+ Ke7 18. Bxg7 Kd7 19. Bxf8 Qxf8 20. e4 Qg7 21. exf5 Rg8 22. h4 Bd6 23. Qg4 Qf6 24. Rfe1 Nc5 25. Nh7 Qg7 26. Nf6+ Qxf6 27. Qxg8 Ne4 28. Qe6+ Qxe6 29. fxe6+ Ke7 30. Rad1 Bc5 31. Rxe4 1-0

[Event "CRO-ch Youth U17 2020"]
[Site "Vinkovci"]
[Date "2020.08.01"]
[Round "7.3"]
[White "Troselj, Ivan"]
[Black "Mahecic, Lovre"]
[Result "1-0"]
[ECO "C22"]
[WhiteElo "1857"]
[BlackElo "1949"]
[Annotator "ChessBase"]
[PlyCount "67"]
[EventDate "2020.07.28"]
[EventType "swiss"]
[EventCountry "CRO"]
[SourceTitle "playchess.com"]
[Source "ChessBase"]
[SourceQuality "1"]
[TimeControl "5400+30"]

1. e4 e5 2. d4 exd4 3. Qxd4 Nc6 4. Qe3 b6 5. Nc3 Bb7 6. Bd2 Bc5 7. Qg3 g6 8. O-O-O d6 9. Nd5 Nce7 10. Bc3 Bxd5 11. Bxh8 Bxa2 12. Ne2 Be6 13. Nc3 Qd7 14. Ba6 f6 15. e5 fxe5 16. Bxe5 Nf5 17. Qf3 c6 18. Rhe1 Kd8 19. g4 Nfe7 20. Bxd6 Bxd6 21. Qf8+ Qe8 22. Rxd6+ Bd7 23. Qxe8+ Kxe8 24. Bb7 Rd8 25. Bxc6 Bxc6 26. Rxc6 Rd7 27. Rce6 Kf7 28. Nb5 Kg7 29. Rd6 Rb7 30. Kd2 Nf6 31. f3 Ned5 32. Nd4 Ne7 33. Ne6+ Kg8 34. Rd8+ 1-0

[Event "CRO-ch Youth U17 2020"]
[Site "Vinkovci"]
[Date "2020.08.01"]
[Round "7.4"]
[White "Dabic, Stjepan"]
[Black "Mrvac, Petar"]
[Result "1/2-1/2"]
[ECO "D35"]
[WhiteElo "2120"]
[BlackElo "1848"]
[Annotator "NA"]
[PlyCount "169"]
[EventDate "2020.07.28"]
[EventType "swiss"]
[EventCountry "CRO"]
[SourceTitle "playchess.com"]
[Source "ChessBase"]
[SourceQuality "1"]
[TimeControl "5400+30"]

1. d4 Nf6 2. c4 e6 3. Nc3 d5 4. cxd5 exd5 5. Bg5 Be7 6. e3 c6 7. Bd3 Ne4 8. Bxe7 {[%emt 0:02:30] 8.Bf4 is the modern continuation.} Qxe7 9. Bxe4 {[%emt 0:00:30] D35: Queen's Gambit Declined: Exchange Variation.} dxe4 10. Nge2 O-O {[%emt 0:08:30] [#]} 11. d5 $146 ({Predecessor:} 11. Qc2 f5 12. O-O Be6 13. Rfc1 Na6 14. Na4 Nb4 15. Qc5 Rf7 16. b3 Nd3 17. Qxe7 Rxe7 {½-½ (60) Zilka,S (2463)-Jakubowski,K (2497) Czechia 2009}) 11... Rd8 12. Qb3 Na6 13. O-O Qb4 (13... cxd5 $11 {keeps the balance.} 14. Rfd1 (14. Nxd5 Qg5 $11) 14... Bg4) 14. dxc6 bxc6 15. Qxb4 Nxb4 16. a3 Nd3 17. Nxe4 Ba6 18. Rfd1 Nxb2 19. Rxd8+ Rxd8 20. Nd4 Bb5 21. Nc3 a6 22. a4 ({Better is} 22. Rb1 $16 Na4 23. Ndxb5 (23. Ncxb5 cxb5 24. Rc1 Nb6 $11) 23... axb5 24. Nxa4 bxa4 25. Kf1) 22... c5 23. Ndxb5 axb5 24. axb5 Kf8 25. Rb1 Nc4 26. b6 Rb8 27. Nd5 Ke8 28. Nc7+ Kd7 29. Na6 Rxb6 30. Nxc5+ Ke7 31. Rxb6 Nxb6 32. e4 f6 33. h4 Kd6 34. Nd3 Nc4 35. f3 g6 36. g4 h6 37. Kf2 g5 38. h5 Ne5 39. Nb4 Ke6 40. Kg3 Nf7 41. Nd5 Nd6 42. Ne3 Ke5 43. Nf5 Nf7 44. Kf2 Kf4 $2 (44... Ke6 $16 {was worth a try.} 45. Ke2 Kd7) 45. Ng3 (45. Ne7 $18 {[%cal Re7g6] and White stays clearly on top.} Ke5 46. Ng8) 45... Nd6 46. Ne2+ Ke5 47. Ke3 Nf7 48. Ng3 Nd6 49. Nf5 Nf7 50. Ke2 Kf4 51. Ne3 Nd6 52. Nd5+ Ke5 {[%emt 0:00:07] [#]} 53. Ne7 $1 Ke6 54. Nf5 Nf7 55. Kf2 Ke5 56. Ke3 Ke6 57. f4 Kd7 58. fxg5 ({White should play} 58. Kf2) 58... fxg5 59. Kd4 Ke6 60. e5 $1 Nxe5 61. Nxh6 Nd7 62. Nf5 Nf6 63. Ne3 Ng8 (63... Kd6 $1 $11) 64. Nc4 (64. Ke4 $16) 64... Nf6 65. Ne5 Ke7 66. h6 Kf8 67. Kc5 Kg8 $11 68. Kd6 Kh7 69. Ke6 Ng8 70. Nf7 Nxh6 71. Nxh6 Kxh6 72. Kf7 Kh7 73. Kf6 Kh6 74. Kf5 Kh7 75. Kxg5 Kg7 76. Kf5 Kf7 77. g5 Kg7 78. g6 Kg8 79. Kg4 Kg7 80. Kg5 Kg8 81. Kh4 Kg7 82. Kh5 Kg8 83. Kh6 Kh8 84. g7+ Kg8 85. Kg6 1/2-1/2

[Event "CRO-ch Youth U17 2020"]
[Site "Vinkovci"]
[Date "2020.08.01"]
[Round "7.5"]
[White "Maravic, Ivan"]
[Black "Jurakic, Lukas"]
[Result "1/2-1/2"]
[ECO "D05"]
[WhiteElo "2009"]
[BlackElo "2023"]
[Annotator "ChessBase"]
[PlyCount "101"]
[EventDate "2020.07.28"]
[EventType "swiss"]
[EventCountry "CRO"]
[SourceTitle "playchess.com"]
[Source "ChessBase"]
[SourceQuality "1"]
[TimeControl "5400+30"]

1. d4 d5 2. Nf3 Nf6 3. e3 c5 4. c3 Nc6 5. dxc5 a5 6. Bb5 g6 7. b4 Bg7 8. Bb2 O-O 9. a3 Ne4 10. Qb3 e5 11. O-O Be6 12. Qc2 Ng5 13. Nbd2 e4 14. Nd4 Ne5 15. f4 exf3 16. N2xf3 Ngxf3+ 17. Nxf3 Ng4 18. Rae1 Bd7 19. Bxd7 Qxd7 20. Bc1 Rfe8 21. Qd3 Nf6 22. Rd1 Qe7 23. Nd4 Ng4 24. Nb5 Qe5 25. g3 Qh5 26. Qe2 Bh6 27. Rd3 Re5 28. Nd6 Re7 29. Rfd1 f5 30. Qa2 Nf6 31. Rf1 Bg5 32. Qg2 Qh6 33. Rf3 Ng4 34. Qe2 Ne5 35. Rxd5 Nxf3+ 36. Qxf3 axb4 37. Rd3 bxa3 38. Qd5+ Kf8 39. c6 bxc6 40. Qxc6 Rd8 41. Bxa3 Bxe3+ 42. Kg2 Qh5 43. Rxe3 Rxe3 44. Ne8+ Re7 45. Bxe7+ Kxe7 46. Qf6+ Kxe8 47. Qe6+ Kf8 48. Qf6+ Ke8 49. Qe6+ Kf8 50. Qf6+ Ke8 51. Qe6+ 1/2-1/2

[Event "CRO-ch Youth U17 2020"]
[Site "Vinkovci"]
[Date "2020.08.01"]
[Round "7.6"]
[White "Raguz, Sima"]
[Black "Dejanovic, Tereza"]
[Result "0-1"]
[ECO "B52"]
[WhiteElo "1128"]
[BlackElo "1788"]
[Annotator "NA"]
[PlyCount "98"]
[EventDate "2020.07.28"]
[EventType "swiss"]
[EventCountry "CRO"]
[SourceTitle "playchess.com"]
[Source "ChessBase"]
[SourceQuality "1"]
[TimeControl "5400+30"]

1. e4 c5 2. Nf3 d6 3. Bb5+ Bd7 4. Bxd7+ Qxd7 5. d4 cxd4 6. Qxd4 Nc6 7. Qc4 e6 8. Nc3 Nf6 9. Bg5 Be7 10. O-O-O a6 11. Qb3 Qc7 12. Rhe1 O-O 13. Qc4 b5 14. Qe2 b4 15. Nb1 Rfc8 16. c3 bxc3 17. Nxc3 Rab8 18. Nd4 Nxd4 19. Rxd4 Qa5 20. Be3 Qxa2 21. Kd1 Qxb2 22. Qxb2 Rxb2 23. Rd3 Ng4 24. Re2 Nxe3+ 25. Rdxe3 Rxe2 26. Kxe2 Bf6 27. Na4 Rc2+ 28. Kf1 Ra2 29. Rb3 g6 30. Nb6 Bd4 31. f3 Rf2+ 32. Ke1 Rxg2 33. Nc4 d5 34. exd5 exd5 35. Ne3 Bxe3 36. Rxe3 Rxh2 37. Rd3 Rh5 38. Ra3 Rf5 39. Ke2 Rf6 40. Ke3 h5 41. Kd4 Rf5 42. Rxa6 Rxf3 43. Kxd5 h4 44. Ke4 Rf1 45. Ra3 g5 46. Ra5 f6 47. Ra6 h3 48. Ra2 g4 49. Ke3 g3 0-1